 Dungeon Crawl Stone Soup version 0.31-a0-1405-g2bb1a01664 (webtiles) character file.

Game seed: 15171353937136788543

1099 Sobieck the Frost Mage (level 8, -2/62 HPs)
             Began as a Barachi Ice Elementalist on Dec 25, 2023.
             Incinerated by a bombardier beetle (5 damage)
             ... with a burning spray
             ... on level 5 of the Dungeon.
             The game lasted 00:13:35 (5075 turns).

Sobieck the Frost Mage (Barachi Ice Elementalist)   Turns: 5075, Time: 00:13:35

Health: -2/62      AC:  6    Str:  9    XL:     8   Next: 32%
Magic:  6/12       EV: 12    Int: 18    God:
Gold:   296        SH:  0    Dex: 13    Spells: 2/13 levels left

rFire   . . .        h - +0 sling
rCold   . . .        (no shield)
rNeg    . . .        a - +0 robe
rPois   .            (no helmet)
rElec   .            g - +2 cloak
rCorr   .            q - +0 pair of gloves
SInv    .            (no boots)
Will    .....        (no amulet)
Stlth   +            (no ring)
HPRegen 0.30/turn    (no ring)
MPRegen 0.13/turn

%: no passive effects
@: mighty, on fire, glowing, slow
A: amphibious, slowness 1, strong legs 1, +LOS
a: Hop


You were on level 5 of the Dungeon.
You visited 2 branches of the dungeon, and saw 7 of its levels.

You collected 296 gold pieces.

Inventory:

Hand Weapons
 c - a +0 short sword
 e - a +0 dagger
 h - a +0 sling (weapon)
Missiles
 k - 10 poisoned darts
 J - 6 atropa-tipped darts
Armour
 a - a +0 robe (worn)
 g - a +2 cloak (worn)
 q - a +0 pair of gloves (worn)
Jewellery
 y - a ring of magical power
Wands
 n - a wand of roots (21)
 D - a wand of digging (8)
Scrolls
 d - 2 scrolls of immolation {unknown}
 f - 3 scrolls of teleportation {unknown}
 i - 2 scrolls of blinking {unknown}
 o - 10 scrolls of identify {unknown}
 r - a scroll of fear {unknown}
 s - a scroll of poison {unknown}
 u - a scroll of noise {unknown}
 x - 2 scrolls of enchant armour {unknown}
Potions
 b - 3 potions of magic
 j - a potion of haste {unknown}
 l - a potion of degeneration {unknown}
 m - 2 potions of might
 p - a potion of heal wounds {unknown}
 v - a potion of brilliance {unknown}
 w - 2 potions of enlightenment {unknown}
 z - a potion of cancellation {unknown}


   Skills:
 - Level 5.0 Fighting
 - Level 2.1 Dodging
 - Level 1.7 Stealth
 - Level 3.0 Spellcasting
 + Level 6.8 Summonings
 + Level 8.5 Ice Magic


You had 2 spell levels left.
You knew the following spells:

 Your Spells              Type           Power      Damage    Failure   Level
a - Freeze                Ice            100%       1d10      1%          1
b - Summon Ice Beast      Ice/Summ       30%        N/A       7%          4
A - Frozen Ramparts       Ice            66%        1d10      1%          3
B - Ozocubu's Armour      Ice            33%        N/A       1%          3

Your spell library contained the following spells:

 Spells                   Type           Power      Damage    Failure   Level
 Dazzling Flash           Conj/Hex       4%         N/A       43%         3
 Volatile Blastmotes      Fire/Tloc      4%         2d10      43%         3
 Starburst                Conj/Fire      1%         6d3       100%        6
 Maxwell's Capacitive Co  Air            1%         ∞         100%        8


Dungeon Overview and Level Annotations

Branches:
Dungeon (6/15)             Temple (1/1) D:4

Altars:
Dithmenos
Elyvilon
Fedhas
Gozag
Hepliaklqana
Kikubaaqudgha
Makhleb
Nemelex Xobeh
Okawaru
Qazlal
Ru
Sif Muna
Trog
Vehumet
Wu Jian
Xom
Yredelemnul
The Shining One

Annotations:
D:2 1 runed translucent door, Crazy Yiuf
D:6 3 runed translucent doors, LeprechaunX's ghost, novice OpSh


Innate Abilities, Weirdness & Mutations

You are amphibious.
You cover ground slowly.
You can hop short distances.
You have an extended range of vision and can be seen from far away.


Message History

Unknown command.
Unknown command.
You shoot a sling bullet.
The sling bullet hits the bombardier beetle!
You kill the bombardier beetle!
The liquid fire burns you!
Unknown command.
Unknown command.
You are on fire!
You are on fire!
Unknown command.
You are on fire!
The liquid fire burns you! The liquid fire burns you!
The liquid fire burns you! The liquid fire burns you!
The liquid fire burns you! The liquid fire burns you!
* * * LOW HITPOINT WARNING * * *
The liquid fire burns you!
* * * LOW HITPOINT WARNING * * *
The liquid fire burns you!
* * * LOW HITPOINT WARNING * * *
The frozen ramparts melt away.
The liquid fire burns you!
* * * LOW HITPOINT WARNING * * *
The liquid fire burns you!
* * * LOW HITPOINT WARNING * * *
The liquid fire burns you!
* * * LOW HITPOINT WARNING * * *
It was a potion of might.
You feel very mighty all of a sudden. The liquid fire burns you!
* * * LOW HITPOINT WARNING * * *
Unknown command.
It was a potion of curing.
You feel better.
Q - a potion of curing The liquid fire burns you!
* * * LOW HITPOINT WARNING * * *
Okay, then.
Unknown command.
The liquid fire burns you!
* * * LOW HITPOINT WARNING * * *
You feel better. The liquid fire burns you!
* * * LOW HITPOINT WARNING * * *
The liquid fire burns you!
* * * LOW HITPOINT WARNING * * *
The liquid fire burns you!
You die...

.## ###................$##
..#.##........../........# ##
......................... ...
.###.................... .....#
.# #..................##......
.## #...........#.. ............
..#####.....)...#.###...........
...#>...........#..............
##.##...........@#.....#.......
...##............#.#...#.......
.#.##...........####.......#
.#..........##... #........###.#
.#..##.......##..#...#..........#
.(...........##.##.####....#....#
)..#..)..........#..#.....## ..#
##........................###..#
##..#......###.....##....##...#


There were no monsters in sight!

Vanquished Creatures
  2 water moccasins
  2 ogres (D:5)
  2 scorpions (D:5)
  3 hounds
  2 jellies
  2 bombardier beetles
  A sleepcap (D:5)
  Ijyb (D:3)
  Terence (D:3)
  An orc wizard (D:5)
  Natasha (twice) (D:2)
  3 iguanas
  6 gnolls
  2 adders (D:2)
  A white imp (D:6)
  2 worms
  9 orcs (D:5)
  6 ball pythons
  A bat (D:1)
  4 endoplasms
  5 giant cockroaches
  3 goblins
  6 hobgoblins
  2 jackals (D:2)
  A quokka (D:5)
  4 frilled lizards
  2 kobolds
  3 rats (D:1)
79 creatures vanquished.

Notes
Turn   | Place    | Note
-------+----------+-------------------------------------------
     0 | D:1      | Sobieck the Barachi Ice Elementalist began the quest for
                  | the Orb.
     0 | D:1      | Reached XP level 1. HP: 13/13 MP: 3/3
   185 | D:1      | Reached XP level 2. HP: 19/20 MP: 0/5
   289 | D:1      | Found a faded altar of an unknown god.
   316 | D:1      | Reached skill level 1 in Summonings
   355 | D:1      | Reached skill level 5 in Ice Magic
   761 | D:1      | Reached skill level 1 in Fighting
   898 | D:2      | Reached XP level 3. HP: 26/26 MP: 1/6
   948 | D:2      | Learned a level 3 spell: Frozen Ramparts
  1124 | D:2      | Reached XP level 4. HP: 33/33 MP: 1/8
  1192 | D:2      | Learned a level 3 spell: Ozocubu's Armour
  1508 | D:2      | Noticed Natasha
  1526 | D:2      | Killed Natasha
  1527 | D:2      | Reached skill level 3 in Spellcasting
  1632 | D:2      | Found a runed translucent door.
  1633 | D:2      | Noticed Crazy Yiuf
  1700 | D:2      | Noticed Natasha
  1705 | D:2      | Killed Natasha
  1706 | D:2      | Reached XP level 5. HP: 39/39 MP: 5/9
  1972 | D:3      | Noticed Terence
  1986 | D:3      | Killed Terence
  1987 | D:3      | Reached skill level 3 in Fighting
  2131 | D:3      | Found a burning altar of Makhleb.
  2147 | D:3      | Reached skill level 3 in Summonings
  2170 | D:3      | Found a radiant altar of Vehumet.
  2251 | D:3      | Reached skill level 6 in Ice Magic
  2463 | D:3      | Noticed Ijyb
  2472 | D:3      | Killed Ijyb
  2473 | D:3      | Reached XP level 6. HP: 47/47 MP: 0/10
  2607 | D:3      | Found a glowing golden altar of the Shining One.
  2701 | D:3      | Found a sparkling altar of Nemelex Xobeh.
  2949 | D:4      | Found a sacrificial altar of Ru.
  3000 | D:4      | Noticed a water moccasin
  3023 | D:4      | Killed a water moccasin
  3024 | D:4      | Reached XP level 7. HP: 51/55 MP: 1/11
  3130 | D:4      | Found a staircase to the Ecumenical Temple.
  3138 | Temple   | Entered the Ecumenical Temple
  4003 | D:5      | Entered Level 5 of the Dungeon
  4012 | D:5      | Reached skill level 7 in Ice Magic
  4392 | D:5      | Reached XP level 8. HP: 62/62 MP: 5/12
  4418 | D:5      | Reached skill level 6 in Summonings
  4480 | D:5      | Reached skill level 8 in Ice Magic
  4571 | D:5      | Found a bloodstained altar of Trog.
  4578 | D:5      | You fall into a shaft and drop 1 floor!
  4578 | D:6      | Found a white marble altar of Elyvilon.
  4626 | D:6      | Found a runed translucent gate.
  4626 | D:6      | Found a runed translucent gate.
  4626 | D:6      | Found a runed translucent gate.
  4628 | D:6      | Noticed LeprechaunX's ghost (novice OpSh)
  4629 | D:6      | Noticed a kobold demonologist
  4929 | D:5      | Learned a level 4 spell: Summon Ice Beast
  5070 | D:5      | HP: 1/62 [burnt (4)]
  5075 | D:5      | Incinerated by a bombardier beetle

Illustrated notes

Levels and vault maps discovered:
D:1:      orjb1_lava_funnel, layout_basic, shapermc_ecumenical_altar_notcrosses
D:2:      layout_basic, uniq_crazy_yiuf_cottage, uniq_natasha
D:3:      layout_loops_ring, nicolae_overflow_quartered_altars, uniq_terence,
          uniq_ijyb
D:4:      layout_layer_cave, nicolae_ru_awakened_eye, minmay_temple_entry_tees,
          enter_ossuary_2, minmay_fractal_squares_gapless_5
D:5:      layout_cave_pools, kennysheep_mini
D:6:      layout_cave_pods, ashenzari_conservatory_becter,
          kennysheep_slug_shrine, elyvilon_altar_5,
          gammafunk_ghost_nasty_kobolds, minmay_liquid_box, minivault_23
Temple:   hellmonk_temple_of_storms

Skill      XL: |  1  2  3  4  5  6  7  8 |
---------------+-------------------------+-----
Summonings     | 1 2 3 4 5 6 |  6.8
Ice Magic      | 5 6 7 8 |  8.5
Fighting       | 1 2 3 4 5 |  5.0
Spellcasting   | 3 |  3.0
Dodging        | |  2.1
Stealth        | |  1.7

Action                     |  1- 3 |  4- 6 |  7- 9 || total
---------------------------+-------+-------+-------++-------
  Melee: Unarmed           |     2 |       |       ||     2
         Dagger            |     2 |       |       ||     2
         Punch             |     1 |       |       ||     1
   Fire: Sling             |    27 |    72 |    76 ||   175
   Cast: Freeze            |    28 |    21 |    20 ||    69
         Frozen Ramparts   |     2 |     7 |    12 ||    21
         Ozocubu's Armour  |       |     4 |     9 ||    13
    Use: Potion            |       |       |     3 ||     3
 Armour: Robe              |    21 |    16 |    36 ||    73
  Dodge: Dodged            |    22 |    20 |    35 ||    77

Table legend: (Time is in decaauts)
 A = Elapsed time spent in this place.
 B = Non-inter-level travel time spent in this place.
 C = Inter-level travel time spent in this place.
 D = Time resting spent in this place.
 E = Time spent auto-exploring this place.
 F = Levels seen in this place.
 G = Mean time per level.
                   A        B        C        D        E       F      G
               +--------+--------+--------+--------+--------+-----+--------+
         Total |   5770 |   5642 |    128 |   1025 |   3518 |   7 |  824.3 |
       Dungeon |   5769 |   5641 |    128 |   1025 |   3518 |   6 |  961.5 |
        Temple |      1 |      1 |      0 |      0 |      0 |   1 |    1.0 |
               +--------+--------+--------+--------+--------+-----+--------+

Top non-repeatable levels by time:
     D:4: 1555 daAuts
     D:2: 1185 daAuts
     D:1: 991 daAuts
     D:3: 965 daAuts
     D:5: 771 daAuts
     D:6: 300 daAuts
  Temple: 1 daAuts
